Description

Hello Guys, I'm a french player, but I found a good build in TvT. Around 4 minutes you go out with 6 marines, 1 (almost 2 ) tanks, and 1 liberator.

The goal is simply, defend your tank with the liberator and destroy the wall of your enemy and kill him step by step

Tell me what you think about it!

VOD

https://www.youtube.com/watch?v=D9pBaL0JZ4Y

Build Order

Get SALT Encoding   

  15  0:21  Supply Depot  
  15  0:31  Refinery  
  16  0:45  Barracks  
  17  0:58  Refinery  
  19  1:34  Marine, Factory  Continuous Marine production
  20  1:37  Orbital Command  
  21  1:55  Supply Depot  
  23  2:18  Factory Tech Lab, Starport  
  28  2:36  Siege Tank  
  29  2:51  Supply Depot  
  31  3:13  Liberator, Siege Tank  Slight supply block in this game, push out 3:40/4:00
Spawning Tool Build Advisor. Get it on Overwolf

Go to:

Details

  • Created by: algost     
  • Published on: Nov 18, 2015
  • Modified on: Nov 19, 2015
  • Patch: Pre-3.8.0
Show
View Real Time Build Order
Export as new Build Order

Comments (6)

On Sept. 11, 2016, 1:46 a.m., legend  said:

This build is strong in Gold and below
In Plat leagues you will find that your terran opponents will get an early Viking and shutdown this push.

On May 2, 2016, 2:31 a.m., drpolarbar  said:

Works great in gold. Even against tvp and rarely tvz if they go economy based

On Feb. 7, 2016, 3:39 a.m., Delphinon  said:

Build order says "23 2:18 Factory Tech Lab", but reactor is encoded in SALT.

On Dec. 19, 2015, 2:27 a.m., 4thJobHokage  said:

Nice build. I've been having TvT trouble (37% win rate) and after practicing your build 3 times vs computers I went to ranked and had 3 wins 1 loss. Even hd a win vs a player 1 league higher =).

On Nov. 21, 2015, 5:45 a.m., DennisKuhn  said:

the barraks ever make to finish supply depot

On Nov. 18, 2015, 1:40 p.m., MorN  said:

What time does the barracks start? It is not listed in the build order. I could figure it out, but for the lower levels, they may not be able to understand it.

Create an account to comment!